 Dungeon Crawl Stone Soup version 0.18-a0-1727-g7ae74ef (webtiles) character file.

94 Bzz the Skirmisher (level 4, -3/41 HPs)
             Began as a Minotaur Fighter on Apr 10, 2016.
             Slain by a gnoll (5 damage)
             ... on level 2 of the Dungeon.
             The game lasted 00:03:15 (1392 turns).

Bzz the Skirmisher (Minotaur Fighter)               Turns: 1392, Time: 00:03:16

Health: -3/41      AC:  9    Str: 27    XL:     4   Next: 38%
Magic:  12/12      EV:  6    Int:  5    God:
Gold:   67         SH: 10    Dex:  9    Spells: 0 memorised, 3 levels left

rFire  . . .     SeeInvis .     a - +0 war axe
rCold  . . .     Gourm    .     g - +0 chain mail
rNeg   . . .     Faith    .     c - +0 shield
rPois  .         Spirit   .     (helmet restricted)
rElec  .         Dismiss  .     (no cloak)
rCorr  .         Reflect  .     (no gloves)
SustAt .         Harm     .     (no boots)
MR     .....                    (no amulet)
Stlth  ..........               (no ring)
                                e - ring of magical power

@: mighty, not resistant to hostile enchantments, extremely unstealthy
A: retaliatory headbutt, horns 2
a: no special abilities


You were on level 2 of the Dungeon.
You were not hungry.

You visited 1 branch of the dungeon, and saw 2 of its levels.

You collected 67 gold pieces.

Inventory:

Hand Weapons
 a - a +0 war axe (weapon)
Armour
 b - a +0 scale mail
 c - a +0 shield (worn)
 g - a +0 chain mail (worn)
Jewellery
 e - a ring of magical power (left hand)
 m - an uncursed ring of stealth {unknown}
Scrolls
 i - a scroll of remove curse {unknown}
 j - 2 scrolls of identify {unknown}
 k - a scroll of enchant armour {unknown}
 l - a scroll of fear {unknown}
 p - 4 scrolls of random uselessness {unknown}
 s - 2 scrolls of teleportation {unknown}
Potions
 h - a potion of curing {unknown}
 o - a potion of heal wounds {unknown}
 q - a potion of degeneration {unknown}
Books
 t - a book of Dreams

   Spells                             Type                      Level
   a - Ensorcelled Hibernation        Hexes/Ice                    2
   b - Silence                        Hexes/Air                    5
   c - Darkness                       Hexes                        6
   d - Shadow Creatures               Summoning                    6
Comestibles
 f - a bread ration
 n - 7 fruits
 r - a chunk of flesh


   Skills:
 * Level 4.6 Fighting
 * Level 3.9 Axes
 + Level 3.8 Armour
 + Level 1.2 Dodging
 + Level 3.9 Shields
 + Level 0.4 Spellcasting


You had 3 spell levels left.
You didn't know any spells.

Dungeon Overview and Level Annotations

Branches:
Dungeon (2/15)

Altars:
Nemelex Xobeh


Innate Abilities, Weirdness & Mutations

You reflexively headbutt those who attack you in melee.
You have a pair of horns on your head.


Message History

The gnoll hits you with a spear.
* * * LOW HITPOINT WARNING * * *
The gnoll hits you.
* * * LOW HITPOINT WARNING * * *
You barely miss the gnoll.
The gnoll is lightly wounded.
You hit the gnoll.
The gnoll is moderately wounded.
The gnoll barely misses you. You furiously retaliate!
You headbutt the gnoll! The gnoll hits you.
* * * LOW HITPOINT WARNING * * *
You closely miss the gnoll.
The gnoll is almost dead.
You hit the gnoll.
The gnoll is moderately wounded.
You block the gnoll's attack. The gnoll hits you but does no damage.
Drink which item? (? for menu, Esc to quit)
You feel very mighty all of a sudden. The gnoll hits you.
You die...

....... .... ....... ?.. .......
.>. .......#.$ .......#.# ###
.....)...## .. .. ......)gg.# .#
=.. #@#%## ##.# #...
##.#..###..###..(#
#..##..##.....##....##
#..................?.
#.#.####............. #....
#.####........ #.
###.#..#.###.......... #.###
###.##.........#......
#...########..............#......


You could see 2 gnolls.

Vanquished Creatures
  3 adders (D:2)
  2 gnolls (D:2)
  A dart slug (D:1)
  4 giant geckos (D:1)
  4 bats
  2 giant cockroaches (D:2)
  A goblin (D:1)
  2 hobgoblins (D:1)
  3 kobolds (D:1)
  2 quokkas (D:2)
  3 giant newts (D:1)
  24 rats
51 creatures vanquished.

Vanquished Creatures (others)
  A hobgoblin (D:1)
1 creature vanquished.

Grand Total: 52 creatures vanquished

Notes
Turn   | Place    | Note
--------------------------------------------------------------
     0 | D:1      | Bzz the Minotaur Fighter began the quest for the Orb.
     0 | D:1      | Reached XP level 1. HP: 19/19 MP: 0/0
   301 | D:1      | Reached skill level 4 in Fighting
   301 | D:1      | Reached XP level 2. HP: 27/27 MP: 1/1
   556 | D:1      | Found a sparkling altar of Nemelex Xobeh.
   701 | D:1      | Reached XP level 3. HP: 33/33 MP: 2/2
  1111 | D:2      | Reached skill level 1 in Dodging
  1279 | D:2      | Reached XP level 4. HP: 32/41 MP: 3/3
  1390 | D:2      | HP: 2/41 [gnoll (2)]
  1392 | D:2      | Slain by a gnoll

Vault maps used:
D:1:      shiori_arrival_maze, nemelex_altar_shiori
D:2:      cheibriados_altar_1, minmay_rat_hole

Skill      XL: |  1  2  3 |
---------------+----------+-----
Fighting       | 4 |  4.6
Axes           | 3 |  3.9
Dodging        | 1 |  1.2
Armour         | |  3.8
Shields        | |  3.9
Spellcasting   | |  0.4

Action                   |  1- 3 |  4- 6 || total
-------------------------+-------+-------++-------
Melee: War axe           |    85 |    12 ||    97
  Use: Potion            |       |     1 ||     1
  Eat: Chunk             |     1 |     1 ||     2
